AoeStats
← [JaMx] K@l-El

Lombardia

509012268Analyzed
4v4 RM · 8d ago on Sep 25, 2026· 20m 8s· 8 players
Game mode
Random Map
Map size
Large (8 player)
Population
200
Speed
Normal
Resources
Standard
Victory
Conquest
Starting age
Dark Age
Ending age
Imperial Age
RankedLock teamsTeams togetherTeam positionsShared explorationLock speedFull tech treeHidden civsTurbo modeCheats
Victory
Defeat
🇲🇽 Saracens · Mexico
1385
+14
1360
+15
🇲🇽 Maya · Mexico
1319
+17
🇲🇽 Persians · Mexico
1313
+17
🇹🇷 Bengalis · Türkiye
1360
-17
1355
-16
🇨🇳 Magyars · China
1345
-16
🇯🇵 Saxons · Japan
1289
-14
DGKR5507
7:05 Loom
9:31 Feudal Age
11:01 Double-Bit Axe
11:49 Horse Collar
14:44 Bloodlines
HAMADY
8:34 Loom
10:28 Feudal Age
15:08 Castle Age
19:19 Wheelbarrow
18:29 Horse Collar
TRUMP MAKE RUSSIA GREAT AGAIN
9:07 Feudal Age
9:45 Double-Bit Axe
12:09 Loom
15:26 Wheelbarrow
16:25 Gold Mining
17:45 Horse Collar
20:34 Castle Age
BULLETS ARE SEXY
10:21 Feudal Age
12:52 Loom
18:11 Fletching
[JaMx] K@l-El
6:13 Loom
8:32 Feudal Age
14:10 Forging
18:12 Wheelbarrow
20:13 Castle Age
18:02 Double-Bit Axe
18:36 Scale Barding Armor
18:37 Horse Collar
19:13 Bloodlines
19:27 Gold Mining
sgt peppers s
3:13 Loom
7:22 Loom
10:23 Feudal Age
13:58 Fletching
17:22 Padded Archer Armor
17:39 Double-Bit Axe
|FMG| Donde Estan Mis 5 Pizzas
8:54 Feudal Age
7:29 Loom
15:04 Forging
17:30 Scale Barding Armor
17:20 Double-Bit Axe
18:01 Bloodlines
20:21 Wheelbarrow
22:37 Castle Age
[JaMx] Jack-Dani-els
0:29 Loom
9:22 Feudal Age
14:23 Fletching
Connection lost

Rejoining the realm…

Still unreachable

The connection could not be restored.

Session expired

The server has moved on; the page needs a fresh start.